 Dungeon Sprint DCSS version 0.31-a0-370-g25055926c8 (webtiles) character file.

Game seed: 16470209524557070550

9480 Conn the Eclecticist (level 11, -10/80 HPs)
             Began as an Octopode Fire Elementalist on July 29, 2023.
             Was a High Priest of Sif Muna.
             Mangled by a ghost moth (14 damage)
             ... in the Dungeon (Sprint IV: "Fedhas' Mad Dash").
             The game lasted 00:30:57 (3781 turns).

Conn the Eclecticist (Octopode Fire Elementalist)   Turns: 3781, Time: 00:30:58

Health: -10/80     AC:  1    Str:  7 (8)  XL:     11   Next: 47%
Magic:  0/30       EV: 14    Int: 22      God:    Sif Muna [*****.]
Gold:   24         SH:  0    Dex: 11 (12) Spells: 2/41 levels left

rFire   + . .        k - +8 longbow of Ephuerog {flame, +Blink rF+}
rCold   . . .        (shield currently unavailable)
rNeg    . . .        (helmet restricted)
rPois   .            e - amulet of invisibility {+Inv}
rElec   .            (no ring)
rCorr   .            (no ring)
SInv    .            (no ring)
Will    .....        (no ring)
Stlth   ++           (no ring)
HPRegen 0.33/turn    (no ring)
MPRegen 0.22/turn    (no ring)
                     (no ring)

%: no teleportation
@: confused, sluggish, very slow
A: almost no armour, amphibious, 8 rings, camouflage 1, gelatinous body 1,
(nimble swimmer 1), tentacles
a: Renounce Religion, Evoke Blink, Evoke Invisibility, Channel Magic, Forget
Spell, Divine Exegesis


You were in the Dungeon.
You worshipped Sif Muna.
Sif Muna was extremely pleased with you.
You visited 1 branch You collected 298 gold pieces.
You spent 274 gold pieces at shops.

Inventory:

Hand Weapons
 b - a +0 rapier
 k - the +8 longbow of Ephuerog (weapon) {flame, +Blink rF+}
   (You found it in the Dungeon)

   rF:        It protects you from fire.
   +Blink:    It lets you blink.
Armour
 d - a +0 buckler
Jewellery
 e - the amulet of invisibility (around mantle) {+Inv}
   (You found it in the Dungeon)

   [amulet of nothing]

   +Inv:      It lets you turn invisible.
Scrolls
 f - a scroll of blinking
 h - 2 scrolls of immolation
 i - a scroll of identify
 j - a scroll of poison
Potions
 a - 2 potions of magic
Miscellaneous
 g - a phantom mirror


   Skills:
 + Level 9.2 Fighting
 + Level 4.5 Dodging
 - Level 5.6 Stealth
 * Level 1.0 Shields
 - Level 1.7 Unarmed Combat
 + Level 15.6 Spellcasting
 * Level 9.2 Conjurations
 + Level 3.4 Hexes
 - Level 3.0 Summonings
 * Level 0.4 Transmutations
 + Level 13.5 Fire Magic
 * Level 1.0 Air Magic
 + Level 0.7 Poison Magic
 * Level 9.9 Invocations
 + Level 5.1 Evocations


You had 2 spell levels left.
You knew the following spells:

 Your Spells              Type           Power      Damage    Failure   Level
a - Foxfire               Conj/Fire      100%       2x1d9     1%          1
b - Scorch                Fire           100%       2d9       1%          2
c - Inner Flame           Hex/Fire       53%        N/A       1%          3
d - Flame Wave            Conj/Fire      61%        2d14      1%          4
e - Summon Guardian Gole  Hex/Summ       31%        N/A       2%          3
f - Orb of Destruction    Conj           27%        9d9       54%         7
g - Mephitic Cloud        Conj/Pois/Air  33%        N/A       2%          3
h - Call Imp              Summ           60%        N/A       1%          2
i - Starburst             Conj/Fire      30%        6d9       4%          6
j - Swiftness             Air            21%        N/A       7%          3
k - Irradiate             Conj/Tmut      19%        3d18      13%         5

Your spell library contained the following spells:

 Spells                   Type           Power      Damage    Failure   Level
 Kiss of Death            Conj/Necr      100%       2d13      1%          1
 Magic Dart               Conj           100%       1d8       1%          1
 Shock                    Conj/Air       100%       1d9       1%          1
 Slow                     Hex            100%       N/A       1%          1
 Searing Ray              Conj           100%       2d8       1%          2
 Lesser Beckoning         Tloc           34%        N/A       5%          2
 Sublimation of Blood     Necr           17%        N/A       5%          2
 Volatile Blastmotes      Fire/Tloc      92%        2d17      1%          3
 Confusing Touch          Hex            32%        N/A       2%          3
 Portal Projectile        Hex/Tloc       48%        N/A       4%          3
 Vampiric Draining        Necr           17%        2d7       11%         3
 Petrify                  Tmut/Erth      18%        N/A       30%         4
 Dispel Undead            Necr           17%        3d10      34%         4
 Spellforged Servitor     Conj/Summ      22%        N/A       93%         7
 Lehudib's Crystal Spear  Conj/Erth      18%        10d6      100%        8


Dungeon Overview and Level Annotations

Branches:
Dungeon (1/1)

Altars:
Cheibriados
Dithmenos
Elyvilon
Gozag
Hepliaklqana
Kikubaaqudgha
Makhleb
Nemelex Xobeh
Okawaru
Qazlal
Ru
Sif Muna
Trog
Uskayaw
Vehumet
Wu Jian
Xom
Yredelemnul
Zin
The Shining One
Jiyva
Lugonu

Shops:
D [(=[(*:!


Innate Abilities, Weirdness & Mutations

You cannot wear most types of armour.
You are amphibious.
You can wear up to eight rings at the same time.
Your skin changes colour to match your surroundings (Stealth+).
Your rubbery body absorbs attacks. (AC +1, EV +1)
((You are camouflaged when in or above water. (Stealth+)))
You have tentacles for arms and can constrict up to eight enemies at once.


Message History

Aiming: Mephitic Cloud (mildly dangerous; 2% risk of failure)
Press: ? - help, Shift-Dir - straight line That beam is likely to hit you.
Continue anyway?
The ball explodes into a vile cloud!
The stinking cloud engulfs something but does no damage.
The stinking cloud engulfs the demonic crawler but does no damage.
The stinking cloud engulfs you but does no damage.
You are engulfed in noxious fumes.
You choke on the stench!
You are confused.
You feel you are being watched by something.
You feel your power leaking away. Something hits you!!
* * * LOW HITPOINT WARNING * * *
Something hits you.
* * * LOW HITPOINT WARNING * * *
Something stings you but does no damage.
Unknown command.
Unknown command.
You feel much better.
You are engulfed in noxious fumes.
You choke on the stench!
You are more confused.
Something hits you! x2
* * * LOW HITPOINT WARNING * * *
Something barely misses you.
Okay, then.
Unknown command.
Unknown command.
You are too confused!
Are you sure you want to stumble around while confused and next to your guardian golem?
You clumsily bash your guardian golem but do no damage.
Your guardian golem disappears in a puff of smoke!
You are engulfed in noxious fumes.
You choke on the stench!
You are more confused.
You feel you are being watched by something.
You feel your power leaking away. Something hits you but does no damage.
Something barely misses you. Something stings you!
* * * LOW HITPOINT WARNING * * *
Something hits you!
You die...

...#...###################......#
..######)...♣..♣.###.'.('.......'
####.['......♣...##.)#..#.P.....#
......#.....♣.♣..###.##'##......#
......#.....♣....'...#.))########
######################.....####
.............# ###..........###
...........P.#####..............♣
..........)P..s{@§..........∩.∩..
..............☼##################
#+##############


You could see a demonic crawler.

Vanquished Creatures
  A spriggan defender (D)
  A spriggan berserker (D)
  A spriggan druid (D)
  6 oklob plants (D)
  3 burning bushes (D)
  3 wandering mushrooms (D)
  A queen bee (D)
  4 hornets (D)
  3 scorpions (D)
  4 killer bees (D)
  5 oklob saplings (D)
  7 spriggans (D)
  A river rat (D)
  A rat (D)
  2 ballistomycete spores (D)
43 creatures vanquished.

Vanquished Creatures (others)
  Agnes (D)
  A demonic crawler (D)
  79 foxfires (D)
81 creatures vanquished.

Grand Total: 124 creatures vanquished

Notes
Turn   | Place    | Note
-------+----------+-------------------------------------------
     0 | D        | Conn the Octopode Fire Elementalist began the quest for the
                  | Orb.
     0 | D        | Reached XP level 1. HP: 11/11 MP: 3/3
    14 | D        | Reached XP level 2. HP: 12/17 MP: 0/5
    69 | D        | Learned a level 2 spell: Scorch
    69 | D        | Noticed an oklob sapling
    72 | D        | Noticed a scorpion
    72 | D        | Found the amulet of invisibility {+Inv}
    81 | D        | Killed a scorpion
    82 | D        | Reached skill level 3 in Spellcasting
    82 | D        | Reached XP level 3. HP: 19/21 MP: 0/8
    82 | D        | Reached XP level 4. HP: 25/27 MP: 0/9
    86 | D        | Reached skill level 4 in Spellcasting
   143 | D        | Found an opulent altar of Gozag.
   143 | D        | Found a hazy altar of Hepliaklqana.
   143 | D        | Found a burning altar of Makhleb.
   143 | D        | Found a sparkling altar of Nemelex Xobeh.
   143 | D        | Found a snail-covered altar of Cheibriados.
   143 | D        | Found a sacrificial altar of Ru.
   143 | D        | Found a shimmering blue altar of Sif Muna.
   143 | D        | Found a shimmering altar of Xom.
   143 | D        | Found a basalt altar of Yredelemnul.
   144 | D        | Found a viscous altar of Jiyva.
   144 | D        | Found a bloodstained altar of Trog.
   144 | D        | Found an ornate altar of the Wu Jian Council.
   144 | D        | Noticed an oklob sapling priest
   145 | D        | Found an iron altar of Okawaru.
   145 | D        | Found a glowing silver altar of Zin.
   145 | D        | Found a shadowy altar of Dithmenos.
   146 | D        | Found a hide-covered altar of Uskayaw.
   146 | D        | Found an ancient bone altar of Kikubaaqudgha.
   147 | D        | Found a glowing golden altar of the Shining One.
   147 | D        | Found a stormy altar of Qazlal.
   147 | D        | Found a white marble altar of Elyvilon.
   148 | D        | Found a radiant altar of Vehumet.
   148 | D        | Found a corrupted altar of Lugonu.
   150 | D        | Became a worshipper of Sif Muna the Loreminder
   160 | D        | Killed an oklob sapling priest
   161 | D        | Reached skill level 5 in Stealth
   161 | D        | Reached skill level 1 in Unarmed Combat
   161 | D        | Reached XP level 5. HP: 31/31 MP: 0/12
   256 | D        | Learned a level 3 spell: Inner Flame
   261 | D        | Learned a level 4 spell: Flame Wave
   267 | D        | Reached skill level 5 in Spellcasting
   267 | D        | Reached skill level 1 in Evocations
   331 | D        | Reached * piety under Sif Muna
   332 | D        | Reached skill level 1 in Fighting
   332 | D        | Reached skill level 1 in Invocations
   332 | D        | Reached XP level 6. HP: 38/38 MP: 3/14
   340 | D        | Reached skill level 6 in Spellcasting
   442 | D        | Found Yschazeagh's Weapon Shop.
   442 | D        | Found Rilunag's Antique Armour Emporium.
   452 | D        | Noticed a burning bush
   452 | D        | Noticed a wandering mushroom
   456 | D        | Noticed a wandering mushroom
   457 | D        | Killed a wandering mushroom
   457 | D        | Reached ** piety under Sif Muna
   458 | D        | Reached skill level 7 in Spellcasting
   458 | D        | Reached XP level 7. HP: 46/46 MP: 7/18
   458 | D        | Killed a wandering mushroom
   459 | D        | Reached skill level 8 in Spellcasting
   459 | D        | Reached skill level 1 in Hexes
   588 | D        | Killed a burning bush
   589 | D        | Reached skill level 9 in Spellcasting
   589 | D        | Reached skill level 5 in Conjurations
   589 | D        | Reached skill level 10 in Fire Magic
   589 | D        | Reached XP level 8. HP: 28/54 MP: 0/21
   711 | D        | Found Wothug's General Store.
   711 | D        | Found Luixtir's Antique Weapon Shoppe.
   720 | D        | Bought a scroll of immolation for 40 gold pieces
   756 | D        | Reached *** piety under Sif Muna
   757 | D        | Reached skill level 5 in Invocations
   794 | D        | Noticed a queen bee
   799 | D        | Reached **** piety under Sif Muna
   802 | D        | Killed a queen bee
   803 | D        | Reached skill level 5 in Fighting
   803 | D        | Reached skill level 10 in Spellcasting
   920 | D        | Noticed an oklob plant
   930 | D        | Killed an oklob plant
   931 | D        | Reached XP level 9. HP: 62/62 MP: 9/23
  1010 | D        | Noticed a burning bush
  1285 | D        | Killed a burning bush
  1286 | D        | Reached skill level 11 in Spellcasting
  1416 | D        | Noticed a burning bush
  1416 | D        | Noticed an oklob plant
  1425 | D        | Killed a burning bush
  1515 | D        | Noticed a wandering mushroom
  1568 | D        | Killed a wandering mushroom
  1568 | D        | Reached ***** piety under Sif Muna
  1709 | D        | Killed an oklob plant
  1709 | D        | Received a gift from Sif Muna
  1710 | D        | Reached skill level 12 in Spellcasting
  1790 | D        | Noticed a spriggan druid
  1795 | D        | Killed a spriggan druid
  1796 | D        | Reached XP level 10. HP: 71/71 MP: 16/26
  1986 | D        | Noticed an oklob plant conjurer
  2116 | D        | Killed an oklob plant conjurer
  2126 | D        | Learned a level 3 spell: Summon Guardian Golem
  2134 | D        | Learned a level 7 spell: Orb of Destruction
  2178 | D        | Noticed an oklob plant
  2178 | D        | Noticed an oklob plant summoner
  2179 | D        | Noticed an oklob plant shifter
  2190 | D        | Killed an oklob plant
  2191 | D        | Reached skill level 13 in Spellcasting
  2297 | D        | Killed an oklob plant summoner
  2306 | D        | Killed an oklob plant shifter
  2407 | D        | Noticed a demonic crawler
  2416 | D        | Killed a demonic crawler
  2416 | D        | Received a gift from Sif Muna
  2417 | D        | Reached skill level 1 in Summonings
  2417 | D        | Got Sif Muna's Compilation of Correspondence and Concussion
                  | {god gift}
  2585 | D        | Noticed a spriggan rider
  2592 | D        | Reached skill level 14 in Spellcasting
  2708 | D        | Found Nacifev's Book Emporium.
  2712 | D        | Found Vukliabb's Distillery.
  2730 | D        | Bought a book of Minor Magic for 234 gold pieces
  2734 | D        | Learned a level 3 spell: Mephitic Cloud
  2737 | D        | Learned a level 2 spell: Call Imp
  2757 | D        | Identified the +8 longbow of Ephuerog {flame, +Blink rF+}
  2780 | D        | Noticed Agnes
  2783 | D        | Noticed a spriggan berserker
  2783 | D        | Found Odoyteru's Jewellery Emporium.
  2783 | D        | Found Imuwn's Antique Armour Shoppe.
  2787 | D        | Killed a spriggan berserker
  2799 | D        | Killed Agnes
  2800 | D        | Reached skill level 15 in Spellcasting
  2800 | D        | Reached XP level 11. HP: 78/78 MP: 10/30
  2959 | D        | Noticed a spriggan defender
  2974 | D        | Killed a spriggan defender
  3141 | D        | Got the Dissertation on the Dragon and the Squall
  3149 | D        | Learned a level 6 spell: Starburst
  3172 | D        | Noticed a spriggan rider
  3179 | D        | Killed a spriggan rider
  3179 | D        | Received a gift from Sif Muna
  3180 | D        | Reached skill level 5 in Evocations
  3348 | D        | Learned a level 3 spell: Swiftness
  3546 | D        | Learned a level 5 spell: Irradiate
  3597 | D        | Reached skill level 1 in Shields
  3597 | D        | Reached skill level 1 in Air Magic
  3770 | D        | Noticed a demonic crawler
  3781 | D        | HP: 4/80 [something (12)]
  3781 | D        | Mangled by a ghost moth

Illustrated notes

Levels and vault maps discovered:
D:        dungeon_sprint_fedhas [sprint_temple]

Skill      XL: |  1  2  3  4  5  6  7  8  9 10 11 |
---------------+----------------------------------+-----
Stealth        | 3 4 5 |  5.6
Fire Magic     | 4 6 8 9 10 11 13 | 13.5
Dodging        | 3 4 |  4.5
Spellcasting   | 3 4 5 7 9 10 12 15 | 15.6
Unarmed Combat | 1 |  1.7
Evocations     | 1 3 4 5 |  5.1
Fighting       | 1 3 4 5 7 8 9 |  9.2
Conjurations   | 2 3 5 6 7 8 9 |  9.2
Invocations    | 1 3 4 6 7 9 |  9.9
Hexes          | 1 2 3 |  3.4
Summonings     | 3 |  3.0
Shields        | 1 |  1.0
Air Magic      | 1 |  1.0
Transmutations | |  0.4
Poison Magic   | |  0.7

Action                     |  1- 3 |  4- 6 |  7- 9 | 10-12 || total
---------------------------+-------+-------+-------+-------++-------
  Melee: Unarmed           |    11 |     9 |       |       ||    20
         Tentacles         |     4 |     2 |     1 |       ||     7
         Constrict         |     3 |     3 |     1 |       ||     7
         Rapier            |       |       |     2 |       ||     2
         Longbow           |       |       |       |     1 ||     1
   Fire: Longbow           |       |       |       |     1 ||     1
   Cast: Foxfire           |     3 |     4 |    29 |     9 ||    45
         Scorch            |     2 |    11 |    62 |    42 ||   117
         Inner Flame       |       |     2 |     6 |     9 ||    17
         Flame Wave        |       |     1 |     4 |    12 ||    17
         Summon Guardian G |       |       |       |     7 ||     7
         Mephitic Cloud    |       |       |       |     5 ||     5
         Starburst         |       |       |       |     5 ||     5
         Call Imp          |       |       |       |     2 ||     2
         Swiftness         |       |       |       |     1 ||     1
 Invoke: Channel Magic     |       |       |       |     2 ||     2
Ability: Evoke Invisibilit |       |     4 |     5 |     5 ||    14
         Evoke Blink       |       |       |       |     2 ||     2
    Use: Potion            |     1 |     1 |       |     3 ||     5
         Scroll            |       |       |       |     1 ||     1
   Stab: Invisible         |       |     2 |       |       ||     2
 Armour: Skin              |       |       |       |     3 ||     3
  Dodge: Dodged            |     4 |     5 |     8 |    10 ||    27

Table legend: (Time is in decaauts)
 A = Elapsed time spent in this place.
 B = Non-inter-level travel time spent in this place.
 C = Inter-level travel time spent in this place.
 D = Time resting spent in this place.
 E = Time spent auto-exploring this place.
 F = Levels seen in this place.
 G = Mean time per level.
                   A        B        C        D        E       F      G
               +--------+--------+--------+--------+--------+-----+--------+
         Total |   3768 |   3768 |      0 |   2510 |      0 |   1 | 3768.0 |
       Dungeon |   3768 |   3768 |      0 |   2510 |      0 |   1 | 3768.0 |
               +--------+--------+--------+--------+--------+-----+--------+

Top non-repeatable levels by time:
       D: 3768 daAuts
